 Dungeon Crawl Stone Soup version 0.22-a0-348-gd16d139 (webtiles) character file.

8812 torrenera the Fighter (level 11, -24/131 HPs)
             Began as an Ogre Wizard on Apr 8, 2018.
             Was a Priest of Vehumet.
             Killed from afar by a deep elf mage (25 damage)
             ... with a bolt of lightning
             ... on level 11 of the Dungeon.
             The game lasted 00:47:08 (18120 turns).

torrenera the Fighter (Ogre Wizard)                Turns: 18120, Time: 00:47:10

Health: -24/131    AC:  5    Str: 14    XL:     11   Next: 36%
Magic:  19/26      EV: 10    Int: 21    God:    Vehumet [***...]
Gold:   188        SH:  0    Dex:  7    Spells: 20/33 levels left

rFire    x . .     SeeInvis .   H - +0 glaive (venom)
rCold    + + .     Gourm    .   (shield currently unavailable)
rNeg     . . .     Faith    .   b - +1 robe {rC+}
rPois    .         Spirit   .   s - +1 hat
rElec    .         Reflect  .   (no cloak)
rCorr    .         Harm     .   (gloves unavailable)
MR       +....                  (boots unavailable)
Stlth    ++........             v - amulet of magic regeneration
HPRegen  0.31/turn              g - ring of ice
MPRegen  0.45/turn              w - ring of stealth

@: slowed, very slow
A: large, unfitting armour, tough skin 1
a: Renounce Religion


You were on level 11 of the Dungeon.
You worshipped Vehumet.
Vehumet was most pleased with you.
You were hungry.

You visited 2 branches of the dungeon, and saw 13 of its levels.

You collected 594 gold pieces.
You spent 406 gold pieces at shops.

Inventory:

Hand Weapons
 a - the +2 dagger of Disarray {pierce, rN+ Dex+6}
   (You bought it in a shop on level 9 of the Dungeon)

   It inflicts extra damage upon your enemies.
   It affects your dexterity (+6).
   It protects you from negative energy.
 u - a +1 dagger of freezing
 G - a +2 dire flail of draining
 H - a +0 glaive of venom (weapon)
Missiles
 k - 227 stones (quivered)
 o - 70 poisoned needles
Armour
 b - a +1 robe of cold resistance (worn)
 p - a +2 shield
 s - a +1 hat (worn)
Magical Staves
 f - an uncursed staff of fire
 A - an uncursed staff of cold
Jewellery
 g - a ring of ice (left hand)
 v - an amulet of magic regeneration (around neck)
 w - a ring of stealth (right hand)
Wands
 y - a wand of paralysis (11)
Scrolls
 c - 2 scrolls of enchant armour
 j - 5 scrolls of remove curse
 l - a scroll of teleportation
 n - 2 scrolls of magic mapping
 q - 3 scrolls of amnesia
 z - 2 scrolls of random uselessness {unknown}
 B - a scroll of brand weapon {unknown}
 C - a scroll of torment {unknown}
 D - a scroll of fog {unknown}
 E - a scroll of enchant weapon {unknown}
Potions
 e - 4 potions of curing
 h - 3 potions of brilliance
 i - a potion of degeneration
 m - a potion of lignification {unknown}
 r - a potion of might
 t - a potion of heal wounds {unknown}
 x - a potion of haste {unknown}
Comestibles
 d - 7 rations


   Skills:
 - Level 14.5 Fighting
 + Level 4.6 Polearms
 - Level 1.7 Dodging
 - Level 1.4 Stealth
 - Level 5.2 Shields
 - Level 11.7 Spellcasting
 - Level 0.8 Conjurations
 - Level 0.8 Summonings
 - Level 0.8 Translocations


You had 20 spell levels left.
You knew the following spells:

 Your Spells              Type           Power        Failure   Level  Hunger
a - Freeze                Ice            ###.         1%          1    None
b - Blink                 Tloc           N/A          6%          2    None
c - Call Imp              Summ           ###.....     6%          2    None
d - Conjure Flame         Conj/Fire      ##......     4%          3    None
e - Slow                  Hex            ##......     9%          2    None
f - Mephitic Cloud        Conj/Pois/Air  ##......     4%          3    None


Dungeon Overview and Level Annotations

Branches:
Dungeon (12/15)            Temple (1/1) D:4            Lair (0/6) D:10
    Orc: D:9-12

Altars:
Ashenzari
Cheibriados
Dithmenos
Elyvilon
Fedhas
Hepliaklqana
Kikubaaqudgha
Makhleb
Okawaru
Qazlal
Ru
Sif Muna
Trog
Vehumet
Wu Jian
Xom
Yredelemnul
Zin
The Shining One

Shops:
D:9 (


Innate Abilities, Weirdness & Mutations

You are too large for most types of armour.
You have tough skin. (AC +1)


Message History

The centaur unwields an uncursed shortbow.
The centaur hits something.
The wraith hits you.
* * * LOW HITPOINT WARNING * * *
The wraith drains your vigour!
You feel yourself slow down.
Casting: Mephitic Cloud (safe; 4% risk of failure)
Confirm with . or Enter, or press ? or * to list all spells.
You blink.
The deep elf mage casts a spell at you. The bolt of lightning misses you.
The deep elf mage casts a spell at you. The bolt of lightning hits you!
* * * LOW HITPOINT WARNING * * *
Okay, then.
Casting: Blink (safe; 6% risk of failure)
Confirm with . or Enter, or press ? or * to list all spells.
You blink.
Your surroundings seem slightly different.
The deep elf mage points at you and mumbles some strange words.
The bolt of lightning hits you!
You die...

.# .#
.##############################
............................c..
########....>.(................
#........†..............
#.).......(.............
#.........(..(..........
#...(....@...((((.......
#...<...eW..............
#......§.....(..........
#.......!....c..........
#..............c......(.
#.........§.............
#.......................
########################


You could see a deep elf mage, a wraith and 2 centaurs.

Vanquished Creatures
  A tengu warrior (D:10)
  A komodo dragon (D:10)
  A tengu conjurer (D:10)
  Prince Ribbit (D:7)
  3 hippogriffs
  11 yaks
  A human (D:9)
  A steam dragon (D:8)
  2 sky beasts
  4 orc warriors
  8 ogres
  2 centaurs
  A big kobold (D:8)
  4 bullfrogs
  6 scorpions
  5 killer bees (D:10)
  4 wights (D:10)
  2 howler monkeys
  3 crimson imps (D:6)
  2 centaur zombies
  A bullfrog zombie (D:9)
  6 hounds
  A centaur skeleton (D:8)
  6 orc priests
  4 bullfrog skeletons
  Jessica (D:3)
  An iguana (D:10)
  6 worker ants
  5 orc wizards
  2 gnolls (D:3)
  10 adders
  2 shadow imps
  3 oozes
  2 adder skeletons
  A worm (D:4)
  2 dart slugs
  5 leopard geckos
  43 orcs
  4 giant cockroaches
  7 goblins
  4 hobgoblins
  9 jackals
  3 quokkas
  2 ball pythons
  12 bats
  3 frilled lizards
  A jackal skeleton (D:4)
  5 kobolds
  A leopard gecko skeleton (D:7)
  4 rats
219 creatures vanquished.

Vanquished Creatures (collateral kills)
  A cyclops (D:11)
  A centaur zombie (D:9)
  A yak (D:9)
  A hungry ghost (D:8)
  A hornet zombie (D:10)
  4 wights
  A jelly (D:7)
  An orc priest (D:2)
  A gnoll (D:3)
  A quokka (D:10)
13 creatures vanquished.

Vanquished Creatures (others)
  Fannar (D:10)
  25 plants (D:10)
26 creatures vanquished.

Grand Total: 258 creatures vanquished

Notes
Turn   | Place    | Note
-------+----------+-------------------------------------------
     0 | D:1      | torrenera the Ogre Wizard began the quest for the Orb.
     0 | D:1      | Reached XP level 1. HP: 16/16 MP: 5/5
   300 | D:1      | Reached skill level 1 in Fighting
   300 | D:1      | Reached XP level 2. HP: 26/27 MP: 2/7
   904 | D:1      | Reached XP level 3. HP: 20/33 MP: 0/9
  1401 | D:2      | Learned a level 2 spell: Blink
  1404 | D:2      | Learned a level 2 spell: Call Imp
  1408 | D:2      | Learned a level 3 spell: Conjure Flame
  1411 | D:2      | Learned a level 2 spell: Slow
  1681 | D:2      | Reached skill level 5 in Spellcasting
  1761 | D:2      | Reached skill level 2 in Fighting
  1838 | D:2      | Found a blossoming altar of Fedhas.
  1856 | D:2      | Reached XP level 4. HP: 42/42 MP: 9/11
  2458 | D:3      | Learned a level 3 spell: Mephitic Cloud
  3295 | D:3      | Noticed Jessica
  3300 | D:3      | Killed Jessica
  3300 | D:3      | Reached XP level 5. HP: 39/52 MP: 9/13
  3672 | D:3      | Found a snail-covered altar of Cheibriados.
  3728 | D:3      | Reached skill level 3 in Fighting
  4556 | D:4      | Noticed an ogre
  4612 | D:4      | Found a staircase to the Ecumenical Temple.
  4624 | Temple   | Entered the Ecumenical Temple
  4628 | Temple   | Became a worshipper of Vehumet
  4646 | D:4      | Reached XP level 6. HP: 58/62 MP: 9/15
  4736 | D:4      | Reached skill level 4 in Fighting
  5231 | D:4      | Found a basalt altar of Yredelemnul.
  5411 | D:4      | Reached skill level 5 in Fighting
  5411 | D:4      | Reached XP level 7. HP: 31/72 MP: 3/18
  6055 | D:5      | Entered Level 5 of the Dungeon
  6104 | D:5      | Reached skill level 6 in Fighting
  6742 | D:6      | Reached XP level 8. HP: 77/84 MP: 18/20
  6750 | D:6      | Reached skill level 7 in Fighting
  6968 | D:6      | Reached * piety under Vehumet
  6968 | D:6      | Offered knowledge of Freeze by Vehumet.
  7015 | D:6      | Learned a level 1 spell: Freeze
  7161 | D:6      | Reached skill level 8 in Fighting
  7855 | D:6      | Reached skill level 9 in Fighting
  8095 | D:6      | Reached XP level 9. HP: 85/98 MP: 22/22
  8144 | D:6      | Reached skill level 10 in Spellcasting
  8165 | D:6      | Offered knowledge of Sting by Vehumet.
  8543 | D:7      | Noticed Prince Ribbit
  8556 | D:7      | Killed Prince Ribbit
  8732 | D:7      | Reached skill level 10 in Fighting
  8998 | D:7      | Found a burning altar of Makhleb.
  9015 | D:6      | Reached ** piety under Vehumet
  9876 | D:7      | Found a deep blue altar of Sif Muna.
 10540 | D:8      | HP: 2/102 [steam dragon (7)]
 10556 | D:8      | HP: 2/102 [shadow imp (5)]
 10699 | D:8      | Reached skill level 11 in Fighting
 11395 | D:8      | Found a shattered altar of Ashenzari.
 11533 | D:8      | Found a hazy altar of Hepliaklqana.
 11699 | D:9      | Found Puste's Antique Weapon Emporium.
 11710 | D:9      | Bought an iridescent dagger for 203 gold pieces
 11710 | D:9      | Identified the +2 dagger of Disarray {pierce, rN+ Dex+6} (You bought it in a shop on level 9 of the Dungeon)
 11718 | D:9      | Bought a glowing halberd for 203 gold pieces
 11841 | D:8      | Reached skill level 1 in Shields
 11841 | D:8      | Reached XP level 10. HP: 69/114 MP: 25/25
 12411 | D:9      | Offered knowledge of Stone Arrow by Vehumet.
 12506 | D:9      | Reached skill level 12 in Fighting
 13800 | D:10     | Entered Level 10 of the Dungeon
 14031 | D:9      | Reached skill level 13 in Fighting
 14056 | D:9      | Reached *** piety under Vehumet
 15807 | D:10     | Noticed Fannar
 15818 | D:10     | Killed Fannar
 15818 | D:10     | Reached skill level 14 in Fighting
 15818 | D:10     | Reached XP level 11. HP: 23/131 MP: 26/26
 16216 | D:10     | Found a staircase to the Lair.
 16323 | D:10     | Reached skill level 1 in Polearms
 16354 | D:10     | Offered knowledge of Static Discharge by Vehumet.
 16480 | D:10     | Noticed a tengu warrior
 17274 | D:10     | Reached skill level 5 in Shields
 17280 | D:10     | Killed a tengu warrior
 18063 | D:11     | Noticed a cyclops
 18083 | D:11     | Killed a cyclops
 18115 | D:12     | Noticed a deep elf mage
 18119 | D:11     | HP: 1/131 [deep elf mage/bolt of lightning (9)]
 18120 | D:11     | Killed from afar by a deep elf mage

Vault maps used:
D:1:      tarquinn_simple_flora_water_f, serial_bayou_pond_e
D:2:      fedhas_altar_3, minmay_misc_feat_doors
D:3:      lemuel_coloured_pillars_altar, uniq_jessica
D:4:      yredelemnul_altar_generic, temple_fountains, first_ration
D:7:      nicolae_overflow_crystal_walls, bloody_makhleb, uniq_prince_ribbit1
D:8:      overflow_temple_1_default, kennysheep_little_box
D:9:      serial_shops, nicolae_shop_statue_plus, grunt_pizzeria,
          minmay_crystal_room
D:10:     david_lair_shrubbed, uniq_fannar
D:11:     david_orc_5, serial_shops, nicolae_shop_trees,
          onia_ninara_dug_in_and_dangerous, uniq_urug
D:12:     basic_altar, uniq_snorg
Temple:   nicolae_temple_x_marks_the_god

Skill      XL: |  1  2  3  4  5  6  7  8  9 10 11 |
---------------+----------------------------------+-----
Spellcasting   | 4 5 6 7 8 9 11 | 11.7
Fighting       | 1 2 3 5 6 9 11 14 | 14.5
Shields        | 1 4 5 |  5.2
Polearms       | 4 |  4.6
Dodging        | |  1.7
Stealth        | |  1.4
Conjurations   | |  0.8
Summonings     | |  0.8
Translocations | |  0.8

Action                   |  1- 3 |  4- 6 |  7- 9 | 10-12 || total
-------------------------+-------+-------+-------+-------++-------
Melee: Club              |    43 |       |       |       ||    43
       Mace              |    11 |    23 |       |       ||    34
       Dagger            |       |    95 |   392 |   130 ||   617
       Whip              |       |       |    69 |       ||    69
       Glaive            |       |       |       |   139 ||   139
       Dire flail        |       |       |       |    15 ||    15
       Halberd           |       |       |       |    15 ||    15
Throw: Stone             |       |     4 |    30 |    31 ||    65
 Cast: Magic Dart        |    82 |   110 |    52 |       ||   244
       Call Imp          |       |     7 |    17 |    26 ||    50
       Conjure Flame     |       |     3 |     2 |     1 ||     6
       Blink             |       |     2 |     3 |    18 ||    23
       Mephitic Cloud    |       |     1 |     9 |    16 ||    26
       Freeze            |       |       |    45 |     1 ||    46
       Slow              |       |       |     4 |     3 ||     7
Evoke: Wand              |       |       |     1 |     2 ||     3
  Use: Scroll            |       |     7 |     8 |     6 ||    21
       Potion            |       |       |     5 |     1 ||     6
 Stab: Sleeping          |     1 |     3 |       |     3 ||     7
       Confused          |       |       |     5 |     2 ||     7
       Paralysed         |       |       |     6 |       ||     6
       Distracted        |       |       |     1 |       ||     1
  Eat: Chunk             |     3 |     9 |    20 |    13 ||    45
       Ration            |       |       |     2 |     2 ||     4
Armor: Robe              |    44 |    33 |   126 |    67 ||   270
Dodge: Dodged            |    58 |    82 |   252 |   182 ||   574

Table legend:
 A = Spawn XP
 B = Non-spawn XP
 C = Spawn XP percentage of total XP
 D = Spawn monster count
 E = Non-spawn monster count
 F = Spawn count percentage of total count
 G = Total turns spent on level
                    A         B        C        D         E        F      G
               +---------+---------+-------+---------+---------+-------+---------
         Total |       0 |   12589 |   0.0 |       0 |     233 |   0.0 | 18120
               +---------+---------+-------+---------+---------+-------+---------
           D:1 |       0 |      37 |   0.0 |       0 |      20 |   0.0 |  1252
           D:2 |       0 |      90 |   0.0 |       0 |      17 |   0.0 |  1454
           D:3 |       0 |     143 |   0.0 |       0 |      25 |   0.0 |  1841
           D:4 |       0 |     648 |   0.0 |       0 |      22 |   0.0 |  1499
           D:5 |       0 |     278 |   0.0 |       0 |       8 |   0.0 |   713
           D:6 |       0 |    1421 |   0.0 |       0 |      39 |   0.0 |  2073
           D:7 |       0 |     759 |   0.0 |       0 |      12 |   0.0 |  1328
           D:8 |       0 |    2351 |   0.0 |       0 |      29 |   0.0 |  2661
           D:9 |       0 |    2070 |   0.0 |       0 |      18 |   0.0 |  2838
          D:10 |       0 |    4146 |   0.0 |       0 |      37 |   0.0 |  2088
          D:11 |       0 |     646 |   0.0 |       0 |       6 |   0.0 |   362
               +---------+---------+-------+---------+---------+-------+---------
